Map: Romanticide LE

Players

TIME (Oliveira)

  • Race: Terran Terran
  • Spawn Location: 5:00

Serral - Winner!

  • Race: Zerg Zerg
  • Spawn Location: 11:00

Event: IEM Katowice 2021

VOD

Have the link to the VOD?

Description

Time

  • Played on: Feb. 23, 2021, 12:34 p.m.
  • Length: 27:25

All games in this series

Show
View Real Time Build Order
Export as new Build Order

TIME Terran 

Build Orders: Reaper Expand 

Get SALT Encoding   

  12  0:00  SCV  
  13  0:12  SCV  
  14  0:17  Supply Depot  
  14  0:25  SCV  
  15  0:39  SCV  
  15  0:41  Barracks  
  16  0:44  Refinery  
  16  0:51  SCV  
  17  1:03  SCV  
  18  1:15  SCV  
  19  1:28  Reaper, Orbital Command  
  20  1:39  Command Center  
  20  1:51  Supply Depot  
  20  1:54  SCV  
  20  2:00  Marine  
  22  2:06  SCV  
  23  2:14  Factory  
  23  2:18  SCV  
  24  2:22  Barracks Reactor  
  24  2:32  SCV  
  25  2:39  Command Center  
  25  2:46  SCV  
  26  2:53  Orbital Command  
  26  2:55  Refinery  
  26  3:01  SCV  
  26  3:04  Ghost Academy  
  27  3:15  SCV  
  27  3:18  Barracks Tech Lab  
  27  3:19  SCV  
  30  3:20  Hellion  
  30  3:22  Hellion  
  33  3:27  SCV  
  33  3:31  SCV  
  34  3:35  Ghost  
  34  3:39  SCV  
  37  3:43  Hellion x2  
  37  3:46  SCV  
  42  3:51  Orbital Command  
  42  3:52  SCV  
  43  3:59  SCV  
  44  4:03  Supply Depot  
  44  4:04  Ghost  
  44  4:06  Hellion  
  44  4:07  SCV  
  49  4:11  Hellion  
  49  4:14  SCV  
  49  4:16  SCV  
  53  4:20  Starport  
  53  4:24  SCV  
  54  4:26  Supply Depot  
  54  4:27  SCV  
  54  4:28  Hellion  
  57  4:32  Hellion  
  59  4:42  Stimpack, Marine  
  59  4:44  SCV x2  
  59  4:45  SCV  
  63  4:48  Supply Depot  
  63  4:56  SCV x2  
  63  4:58  Medivac  
  67  5:00  Barracks  
  67  5:01  Barracks  
  67  5:02  SCV  
  67  5:05  Factory Reactor  
  67  5:06  Marine  
  67  5:08  SCV  
  67  5:10  Engineering Bay  
  67  5:11  Engineering Bay  
  67  5:12  Refinery  
  67  5:13  Refinery  
  69  5:14  SCV  
  69  5:18  SCV  
  70  5:23  SCV  
  70  5:26  SCV, Supply Depot  
  70  5:27  Marine  
  73  5:29  Starport Reactor  
  73  5:30  SCV  
  74  5:44  SCV  
  74  5:46  Terran Infantry Armor Level 1, Terran Infantry Weapons Level 1, Orbital Command  
  74  5:49  Barracks x2, Marine x3, Factory Tech Lab  
  78  5:52  SCV  
  79  6:03  Marine x2  
  81  6:06  SCV  
  81  6:09  Marine x3  
  81  6:10  Medivac x2  
  89  6:12  SCV  
  89  6:13  SCV  
  91  6:20  Marine  
  91  6:21  Marine  
  91  6:24  Supply Depot  
  91  6:25  Supply Depot  
  89  6:27  SCV  
  89  6:28  Marine  
  89  6:29  Marine  
  89  6:30  SCV x2  
  89  6:31  Siege Tank  
  89  6:32  Marine  
  91  6:35  Command Center, Supply Depot x2  
  91  6:38  Marine  
  91  6:39  Combat Shield  
  93  6:42  Barracks Reactor x2  
  93  6:45  SCV x2, Marine  
  93  6:46  SCV  
  97  6:47  Marine  
  97  6:48  Refinery  
  97  6:51  Marine  
  97  6:52  Supply Depot  
  99  6:54  Supply Depot  
  99  6:55  Marine  
  99  6:56  Marine  
  99  6:57  SCV x2  
  99  6:58  SCV  
  99  7:00  Supply Depot  
  104  7:03  Marine, Missile Turret  
  104  7:05  Marine  
  106  7:08  Marine  
  106  7:09  SCV x2  
  106  7:13  Siege Tank  
  106  7:15  Marine  
  112  7:20  SCV  
  114  7:24  Marine x2, Armory  
  114  7:25  Supply Depot  
  114  7:26  Marine x2  
  118  7:36  Supply Depot  
  116  7:37  Supply Depot  
  116  7:41  Marine x3  
  116  7:42  Medivac  
  116  7:43  Medivac, SCV, Marine  
  109  7:52  Marine  
  109  7:53  Marine x2  
  109  7:54  SCV, Siege Tank  
  109  7:55  SCV  
  114  7:58  Barracks  
  114  7:59  Barracks  
  114  8:00  Barracks  
  114  8:03  Factory  
  114  8:04  Refinery  
  114  8:08  Marine  
  115  8:13  Marine x5  
  115  8:14  Terran Infantry Armor Level 2, Terran Infantry Weapons Level 2  
  115  8:19  Marine  
  119  8:20  SCV  
  119  8:21  SCV  
  122  8:29  SCV  
  122  8:30  Marine x2  
  122  8:32  Marine  
  122  8:33  SCV, Marine x2, Siege Tank  
  132  8:34  Medivac x2  
  132  8:35  Marine x2  
  132  8:39  Marine, Sensor Tower  
  139  8:44  Marine, Terran Vehicle Weapons Level 1  
  140  8:50  Planetary Fortress  
  140  8:52  SCV  
  140  8:53  Marine x4  
  145  8:55  Factory Tech Lab  
  145  8:57  SCV, Supply Depot  
  145  8:58  SCV  
  145  8:59  Marine  
  145  9:01  Barracks Tech Lab x2  
  145  9:02  Marine  
  148  9:07  SCV  
  148  9:08  Marine x2  
  148  9:09  Supply Depot  
  152  9:11  Barracks Tech Lab  
  152  9:16  Marine  
  152  9:17  Marine  
  150  9:18  Siege Tank x2  
  150  9:19  Marine x2  
  150  9:24  Liberator  
  159  9:25  Liberator  
  159  9:26  Marine  
  159  9:29  Marine x3  
  171  9:31  Marauder  
  171  9:32  Concussive Shells  
  171  9:34  Marine  
  171  9:35  Marine x2  
  174  9:40  Marine  
  174  9:41  Marine  
  174  9:45  Marine x3  
  178  9:50  Siege Tank  
  178  9:52  Marine x2  
  168  9:53  Siege Tank  
  168  9:55  Marine x2  
  168  9:56  Marauder, Supply Depot  
  168  9:57  Supply Depot  
  168  9:58  Supply Depot  
  175  10:00  Marine x2  
  177  10:07  Command Center  
  177  10:10  Supply Depot  
  177  10:12  Marine  
  177  10:13  Marauder  
  180  10:18  Medivac x2, Marine x2  
  177  10:25  Marine  
  177  10:26  Marauder x2, Marine x2  
  181  10:29  Marine, Siege Tank  
  181  10:32  Marine  
  167  10:43  Marine  
  167  10:44  Marauder, Marine x3  
  167  10:45  Terran Infantry Weapons Level 3, Terran Infantry Armor Level 3  
  167  10:46  Marine x2  
  167  10:47  Marauder  
  174  10:56  Marine  
  157  10:57  Marauder, Marine  
  157  10:58  Marauder, Siege Tank  
  157  11:01  Marine  
  157  11:02  Marine x2  
  165  11:04  Marine  
  165  11:06  Marauder  
  165  11:08  Marauder, Siege Tank  
  173  11:11  Marine  
  173  11:13  SCV x2  
  173  11:14  Marine  
  173  11:15  Marine  
  173  11:17  Medivac  
  180  11:19  Marauder  
  180  11:22  Marine  
  180  11:24  Marine x3  
  186  11:26  Marine  
  186  11:27  Marauder, Marine  
  186  11:28  Liberator  
  183  11:40  Marine  
  183  11:43  Marine x2  
  185  11:47  Marine  
  185  11:48  Marauder  
  185  11:52  Marine  
  185  11:53  Marine  
  187  11:55  Marine x2  
  187  12:00  Marine  
  187  12:01  Marine  
  188  12:04  Missile Turret  
  184  12:09  Planetary Fortress  
  178  12:18  Marine  
  178  12:20  Marine x2, Siege Tank  
  178  12:21  Marauder  
  172  12:25  Marine  
  172  12:27  Marine x3  
  172  12:28  Marauder x2  
  172  12:29  Medivac x2, Siege Tank  
  182  12:32  Marine  
  183  12:37  Marine  
  183  12:38  Marauder, Marine  
  183  12:39  SCV  
  183  12:40  SCV  
  183  12:43  Command Center  
  189  12:50  Marine  
  187  12:53  Marine  
  187  12:55  Marine x3  
  187  12:56  Marauder x2  
  187  12:57  Siege Tank  
  188  13:02  Terran Vehicle Weapons Level 2  
  186  13:07  Marine x2, Ghost Academy  
  186  13:08  Marauder, Marine  
  186  13:09  Marine, Siege Tank  
  186  13:10  Marauder  
  197  13:15  Marine  
  198  13:23  Marine x2  
  200  13:29  Personal Cloaking  
  198  13:37  Siege Tank  
  198  13:38  Marine  
  160  13:41  Marine x2  
  160  13:42  Marauder x2, Marine  
  160  13:46  Siege Tank  
  155  13:50  Marine  
  155  13:51  Ghost  
  155  13:55  Marine  
  157  13:56  Ghost  
  157  13:57  Marine x3  
  157  13:58  Liberator x2  
  157  13:59  SCV x2  
  157  14:00  SCV  
  172  14:03  Ghost, Refinery  
  172  14:04  Marine x2, Refinery  
  172  14:05  Command Center x2  
  172  14:09  Command Center  
  176  14:11  Marine x3  
  176  14:14  Siege Tank  
  182  14:17  Marine x2  
  182  14:18  Siege Tank  
  182  14:24  Marine  
  188  14:27  Ghost x2  
  188  14:28  Marine x2  
  194  14:32  Marine  
  193  14:45  Marauder x2, Marine x3  
  194  14:46  Marine  
  195  14:56  Marine  
  195  14:58  Marine, Siege Tank  
  195  14:59  Marauder x2, Marine x2  
  184  15:02  Marine  
  184  15:03  Marine x2  
  176  15:07  Marauder x2  
  176  15:09  Marine  
  154  15:16  Marine  
  154  15:17  Marine  
  154  15:18  Siege Tank  
  154  15:20  Ghost  
  154  15:21  Marauder, Marine x3  
  156  15:23  Medivac x2  
  156  15:24  Orbital Command  
  156  15:25  Marine x2  
  156  15:27  Ghost  
  167  15:30  Terran Vehicle And Ship Armor Level 1  
  167  15:32  Orbital Command  
  167  15:37  Marine  
  167  15:38  Orbital Command  
  167  15:39  Marine  
  167  15:41  Ghost  
  171  15:43  Siege Tank  
  171  15:46  Marine  
  171  15:49  Marine x2  
  174  15:50  Marine x2  
  174  15:53  Ghost  
  173  15:57  Ghost  
  173  15:58  Siege Tank  
  178  16:05  Planetary Fortress  
  178  16:06  Marine  
  178  16:10  Liberator  
  182  16:13  Marine x4  
  182  16:14  Marine  
  182  16:15  Marine  
  182  16:17  Marine  
  189  16:24  Marine  
  188  16:29  Marauder  
  188  16:30  Marine x2, Siege Tank  
  188  16:32  Marine  
  190  16:37  Missile Turret  
  190  16:38  Sensor Tower, Missile Turret  
  176  16:43  Marine x2  
  155  16:50  Ghost x2  
  155  16:51  Marine x3  
  155  16:52  Marine x2, Siege Tank  
  161  16:54  SCV  
  161  16:58  Marine  
  161  16:59  Marine x2  
  165  17:10  Missile Turret  
  165  17:11  Marine x2  
  165  17:12  Missile Turret  
  165  17:13  Missile Turret  
  165  17:14  Marine  
  168  17:16  Siege Tank, Ghost  
  168  17:17  Ghost  
  175  17:32  Ghost  
  175  17:34  Marine  
  178  17:39  Enhanced Shockwaves  
  178  17:40  Nuke  
  178  17:43  Marine x2  
  180  17:48  Marine x2  
  178  17:52  Siege Tank  
  162  17:58  Marine  
  162  17:59  Marine x2  
  162  18:00  Ghost  
  162  18:03  Marine x2  
  162  18:04  Marauder  
  155  18:07  Marine  
  155  18:10  Marine x2  
  155  18:14  Factory Tech Lab  
  155  18:15  Marine  
  155  18:17  SCV, Liberator x2  
  163  18:24  Siege Tank  
  163  18:26  Orbital Command  
  162  18:28  Marine x2  
  162  18:30  Marine x2  
  162  18:33  Marine  
  159  18:35  Marine x2  
  159  18:36  SCV x2  
  159  18:38  Ghost x2  
  159  18:39  Marine  
  159  18:41  SCV  
  162  18:49  SCV  
  162  18:52  SCV x2, Marine x3, Ghost  
  162  18:53  Marine  
  171  18:57  Marine  
  171  19:00  Siege Tank  
  175  19:06  Marine x4  
  175  19:07  Marauder, Marine  
  167  19:10  Marine x2  
  163  19:21  Marauder  
  160  19:24  Marine  
  160  19:25  Marauder  
  160  19:26  Marine  
  160  19:28  Marine x3  
  161  19:33  Marauder, Marine x2  
  161  19:34  SCV x2  
  161  19:35  Refinery  
  161  19:36  Marine x2  
  161  19:37  Command Center, Refinery  
  169  19:42  Marine x2  
  162  19:45  Marine  
  162  19:49  Marine x2  
  162  19:50  Marauder, Siege Tank  
  170  19:55  Refinery  
  170  19:56  Supply Depot  
  170  19:57  Marine x2  
  170  19:58  Marauder  
  174  20:07  Marine x2  
  174  20:08  Marine  
  174  20:12  Marine  
  174  20:13  Marine  
  168  20:15  Ghost x2  
  168  20:18  Marine x2  
  168  20:20  Sensor Tower  
  174  20:22  Refinery  
  174  20:24  Marine x2  
  176  20:28  Siege Tank  
  176  20:30  Missile Turret  
  176  20:31  Marine x2  
  176  20:32  Missile Turret  
  176  20:33  Marauder  
  183  20:36  Missile Turret  
  183  20:38  Orbital Command  
  167  20:51  Marine  
  167  20:52  Marine  
  167  20:54  Marine x2  
  167  20:56  SCV  
  166  20:58  Marine  
  163  21:07  Marine x2  
  163  21:08  Marine, Siege Tank  
  169  21:11  Marine x3  
  169  21:13  Marauder x3  
  169  21:14  SCV x2  
  176  21:22  Marine  
  176  21:24  Marine  
  175  21:26  Liberator x2  
  175  21:32  Marauder, Marine x2  
  185  21:39  Marine x2  
  186  21:40  Marauder, Marine  
  186  21:45  Marine  
  186  21:46  Command Center  
  191  21:47  Siege Tank, Refinery  
  191  21:51  Marine  
  195  22:00  Marine x2  
  187  22:08  Ghost x2  
  172  22:09  Marine x2  
  172  22:10  Marine  
  172  22:12  Marine  
  172  22:15  Marine  
  179  22:19  Marine  
  179  22:21  Medivac x2  
  184  22:22  Ghost  
  184  22:23  Ghost  
  184  22:26  Marine x2  
  190  22:33  Marine  
  190  22:36  Missile Turret  
  191  22:37  Marine  
  191  22:39  Missile Turret  
  191  22:40  Missile Turret  
  191  22:41  Marine  
  191  22:42  Missile Turret  
  193  22:49  Orbital Command  
  186  22:56  Marine x3, Ghost x2  
  186  22:57  Siege Tank  
  186  22:58  Marine  
  146  23:05  Marine x2  
  135  23:06  Marauder  
  135  23:09  Marine x2  
  135  23:10  Marauder  
  142  23:14  Marine x3  
  142  23:16  Marine  
  142  23:17  SCV x2  
  137  23:23  Liberator x2, Marine x2  
  137  23:24  Marine  
  137  23:25  Marauder, SCV  
  145  23:27  Marine  
  139  23:42  Marine  
  139  23:44  Marine  
  139  23:54  Marauder x2, Marine x4  
  139  23:55  Marauder, Siege Tank  
  145  23:59  Marine x2  
  136  24:05  Marine x2  
  136  24:07  Marine  
  136  24:08  Liberator  
  129  24:11  Marine  
  129  24:12  Marine x2  
  129  24:15  Marine  
  129  24:16  Marauder x2  
  137  24:17  Marine x2  
  137  24:23  Marine  
  133  24:24  Ghost  
  133  24:31  Marine  
  134  24:35  Marine  
  134  24:37  Barracks  
  134  24:38  Barracks x2  
  112  24:52  Planetary Fortress  
  104  25:05  Barracks x2  
  104  25:06  Barracks x2  
  96  25:32  Barracks Tech Lab  
  96  25:34  Barracks Tech Lab  
  96  25:37  Barracks Tech Lab  
  96  25:38  Barracks Tech Lab  
  96  25:41  Barracks Reactor  
  96  25:55  Marine  
  96  25:56  Marine x2  
  95  25:57  Marauder  
  95  26:04  Marine x2  
  95  26:05  Marine x2  
  99  26:13  Marine  
  99  26:14  Marauder, Marine  
  104  26:18  Marauder  
  104  26:21  Marine  
  104  26:22  Marine  
  104  26:24  Marine x2  
  108  26:30  Factory  
  108  26:32  Marauder x2  
  112  26:35  Marauder, Marine  
  104  26:40  Marauder, Marine x2  
  104  26:42  Marine x2  
  104  26:43  Marine  
  104  26:53  Marauder, Marine  
  102  27:06  Marine  
Show
View Real Time Build Order
Export as new Build Order

Serral Zerg - Winner!

Build Orders: Hatch First, Lurkers 

Get SALT Encoding   

  12  0:00  Drone  
  13  0:13  Overlord  
  13  0:17  Drone  
  14  0:31  Drone x2  
  16  0:48  Hatchery  
  15  0:52  Drone  
  15  0:55  Drone  
  17  0:58  Drone  
  18  1:09  Extractor  
  17  1:13  Spawning Pool  
  17  1:17  Drone  
  17  1:20  Drone  
  18  1:28  Drone  
  19  1:39  Drone  
  20  1:50  Drone  
  21  2:00  Queen x2  
  25  2:01  Zergling x4  
  27  2:11  Overlord  
  27  2:12  Drone, Metabolic Boost  
  28  2:29  Hatchery  
  27  2:32  Drone  
  27  2:34  Drone  
  29  2:39  Drone x2  
  31  2:46  Queen  
  33  2:53  Overlord  
  33  2:54  Drone  
  34  3:02  Pneumatized Carapace  
  34  3:04  Drone  
  35  3:07  Drone  
  36  3:16  Drone x2  
  36  3:19  Overlord, Drone x2  
  40  3:23  Drone  
  41  3:28  Queen  
  41  3:32  Drone  
  44  3:38  Overlord  
  44  3:40  Drone x2  
  46  3:42  Queen  
  48  3:50  Drone  
  48  3:51  Zergling x4  
  48  3:53  Drone x3  
  54  3:55  Drone  
  54  3:56  Drone  
  54  4:01  Spine Crawler  
  55  4:04  Drone  
  55  4:06  Baneling Nest  
  55  4:09  Queen  
  57  4:10  Drone  
  57  4:14  Overlord  
  58  4:17  Zergling x4  
  58  4:20  Overlord  
  58  4:22  Zergling x2  
  61  4:24  Queen  
  61  4:28  Zergling x4  
  61  4:30  Drone  
  65  4:39  Drone x2, Lair  
  65  4:42  Zergling x6  
  65  4:44  Drone x4  
  72  4:48  Overlord  
  72  4:51  Drone x4  
  76  4:54  Extractor  
  76  4:55  Zergling x2, Extractor  
  76  4:58  Overlord  
  75  5:00  Drone x3  
  75  5:13  Zergling x4  
  77  5:14  Drone  
  77  5:16  Drone  
  77  5:18  Overlord  
  77  5:19  Hatchery, Drone x3  
  77  5:20  Drone  
  82  5:23  Baneling x4  
  82  5:24  Baneling  
  82  5:26  Drone  
  82  5:27  Extractor  
  82  5:28  Queen  
  82  5:33  Zergling x8  
  88  5:42  Zergling x12  
  93  5:44  Centrifical Hooks  
  93  5:48  Evolution Chamber  
  93  5:49  Evolution Chamber  
  91  5:51  Drone x2  
  91  5:52  Drone  
  91  5:57  Overlord  
  94  5:58  Drone  
  94  6:00  Drone  
  94  6:02  Drone  
  97  6:09  Overlord x3  
  97  6:11  Overlord  
  97  6:14  Queen  
  98  6:19  Zerg Melee Weapons Level 1, Zerg Ground Armor Level 1  
  98  6:20  Overlord  
  98  6:21  Extractor  
  98  6:24  Zergling x12  
  99  6:31  Queen  
  94  6:33  Drone x3  
  94  6:35  Drone  
  94  6:36  Overseer  
  94  6:39  Drone x3  
  101  6:44  Baneling x2  
  101  6:45  Baneling x3  
  101  6:46  Drone x3  
  104  6:49  Overlord  
  104  6:50  Overlord  
  104  6:56  Drone x2  
  104  6:57  Drone x2  
  104  6:58  Zergling x8  
  112  7:02  Zergling x2  
  112  7:04  Overlord  
  113  7:12  Baneling x2  
  113  7:13  Zergling x6  
  114  7:17  Baneling x2  
  114  7:18  Zergling x14  
  114  7:21  Queen  
  123  7:25  Baneling x5  
  123  7:27  Zergling x12  
  127  7:43  Drone x3  
  122  7:46  Zergling x2  
  122  7:47  Zergling x16  
  122  7:50  Drone x4  
  130  7:51  Hydralisk Den  
  130  7:52  Hatchery  
  130  7:55  Baneling x3  
  127  8:01  Overlord  
  127  8:03  Zergling x2  
  127  8:04  Zergling x4  
  130  8:12  Drone  
  130  8:13  Zergling x6  
  130  8:18  Baneling x3  
  130  8:19  Hatchery  
  130  8:21  Zergling x16  
  130  8:23  Zerg Ground Armor Level 2, Zerg Melee Weapons Level 2  
  130  8:25  Baneling x5  
  138  8:29  Grooved Spines  
  138  8:33  Drone  
  138  8:34  Extractor, Drone  
  138  8:35  Extractor, Drone x3  
  138  8:36  Drone x2, Infestation Pit  
  138  8:38  Zergling x4, Overseer  
  144  8:42  Drone  
  144  8:45  Zergling x2  
  146  8:49  Baneling x5  
  146  8:51  Zergling x16  
  146  8:53  Hatchery  
  153  8:57  Overlord  
  153  8:58  Zergling x8  
  153  9:02  Zergling x2  
  158  9:06  Baneling  
  158  9:07  Baneling x5  
  158  9:08  Baneling x4  
  158  9:09  Zergling x8, Baneling x8  
  164  9:10  Zergling x2  
  164  9:12  Hive  
  162  9:23  Drone x4  
  166  9:26  Hydralisk x9  
  183  9:35  Drone  
  183  9:37  Extractor, Drone x3  
  186  9:39  Hydralisk  
  186  9:40  Hydralisk  
  186  9:41  Muscular Augments  
  189  9:52  Zergling x18  
  183  9:53  Zergling x12  
  183  9:59  Burrow  
  189  10:02  Overlord x2  
  189  10:05  Spore Crawler  
  188  10:07  Baneling x10  
  188  10:10  Overlord x2  
  188  10:12  Overseer x2  
  188  10:19  Queen  
  181  10:23  Zergling x6  
  181  10:24  Zergling x26  
  181  10:26  Zergling x6  
  185  10:28  Baneling  
  185  10:29  Baneling x5  
  185  10:35  Zergling x14  
  192  10:36  Extractor  
  192  10:37  Extractor, Baneling x2  
  192  10:40  Zergling x2  
  174  10:45  Zergling x14, Hatchery  
  165  10:51  Zergling x12  
  165  10:56  Zergling x2  
  165  10:57  Zergling x2, Baneling  
  152  10:58  Baneling x5  
  147  11:05  Zergling x8  
  147  11:08  Baneling x4  
  147  11:09  Baneling x8  
  147  11:11  Viper x2  
  151  11:15  Zergling x2  
  151  11:16  Zergling x10  
  151  11:17  Baneling x3  
  163  11:20  Hydralisk x2  
  163  11:25  Hydralisk x2  
  164  11:31  Spire  
  167  11:34  Drone x3  
  167  11:37  Hydralisk x4  
  170  11:40  Baneling  
  170  11:41  Baneling x10  
  169  11:48  Hydralisk x4  
  172  11:58  Hydralisk x2  
  172  11:59  Zergling x8  
  178  12:07  Zergling x10  
  182  12:10  Baneling x4  
  169  12:20  Drone  
  169  12:21  Zergling x22  
  169  12:22  Zergling x6  
  157  12:31  Baneling x11  
  157  12:34  Zergling x2, Lurker Den  
  157  12:35  Zergling x20  
  168  12:44  Hydralisk, Baneling x2  
  168  12:48  Zergling x18  
  178  12:52  Evolution Chamber  
  178  12:53  Hydralisk  
  178  12:54  Hydralisk x2  
  176  13:01  Zergling x6  
  176  13:03  Baneling x8  
  179  13:06  Drone  
  179  13:12  Evolution Chamber  
  179  13:13  Zergling x16  
  179  13:17  Hatchery  
  179  13:18  Zerg Missile Weapons Level 1  
  186  13:27  Baneling x4  
  186  13:28  Zergling x2  
  186  13:29  Zergling x22  
  182  13:42  Seismic Spines  
  182  13:43  Drone x16  
  182  13:44  Zergling x22  
  188  13:59  Drone x3  
  188  14:01  Lurker  
  188  14:02  Lurker x8  
  200  14:03  Overseer, Baneling x6  
  200  14:07  Baneling  
  200  14:08  Baneling x5  
  200  14:11  Overseer, Spore Crawler x2  
  200  14:13  Drone x3, Spore Crawler  
  200  14:24  Zerg Ground Armor Level 3  
  200  14:37  Baneling x6  
  200  14:38  Baneling x3  
  198  14:39  Adaptive Talons  
  195  14:48  Baneling x2  
  195  14:49  Overseer  
  193  14:57  Viper x2  
  188  15:06  Zergling x30  
  195  15:12  Zergling x38  
  179  15:21  Hydralisk x4  
  179  15:22  Hydralisk x2  
  188  15:29  Lurker  
  188  15:31  Drone x4  
  188  15:32  Drone x5  
  188  15:34  Zerg Missile Weapons Level 2  
  198  15:38  Baneling x2  
  198  15:42  Hatchery  
  191  15:47  Hydralisk  
  191  15:48  Hydralisk x4  
  198  16:00  Spire  
  198  16:01  Baneling x12  
  196  16:07  Hydralisk x2  
  200  16:17  Baneling  
  200  16:18  Baneling x6  
  197  16:28  Hydralisk x3  
  197  16:29  Hydralisk x2  
  185  16:41  Zergling x34  
  185  16:45  Baneling x15  
  185  16:46  Baneling x3  
  190  16:52  Hydralisk x2  
  190  16:53  Hydralisk  
  190  16:59  Lurker x3  
  190  17:00  Lurker x5, Viper  
  199  17:01  Overseer x2  
  199  17:02  Overseer  
  199  17:05  Hatchery  
  199  17:07  Baneling x4  
  195  17:08  Spire  
  195  17:13  Overseer x2  
  194  17:16  Unknown, Drone x3  
  194  17:20  Lurker x2  
  198  17:23  Extractor  
  198  17:24  Extractor  
  198  17:25  Drone x3  
  199  17:30  Extractor  
  199  17:36  Zergling x4  
  198  17:49  Zergling x8, Overseer  
  197  17:57  Zergling x38  
  199  18:01  Overseer  
  185  18:07  Hydralisk x6  
  185  18:08  Zergling x6  
  199  18:19  Baneling x7  
  199  18:20  Overseer x2  
  199  18:27  Overseer x3  
  193  18:34  Hydralisk x3  
  179  18:52  Lurker x8  
  187  18:56  Zerg Flyer Weapons Level 1, Greater Spire  
  187  18:57  Zergling x30, Pathogen Glands  
  198  19:05  Zergling x18  
  197  19:15  Zergling x12  
  200  19:18  Baneling x12  
  200  19:23  Hydralisk  
  187  19:24  Hydralisk x6  
  196  19:35  Baneling x8  
  192  19:42  Hydralisk x3  
  192  19:43  Zergling x14  
  192  19:45  Hatchery  
  192  19:49  Baneling  
  192  19:51  Extractor  
  192  19:52  Extractor  
  187  19:55  Lurker x9  
  187  19:58  Hatchery, Overlord x2  
  195  20:02  Overlord  
  195  20:05  Viper  
  195  20:06  Hatchery, Viper  
  194  20:13  Hydralisk x6  
  195  20:27  Baneling  
  195  20:30  Baneling x5  
  195  20:31  Zerg Melee Weapons Level 3, Zerg Missile Weapons Level 3  
  192  20:49  Zergling x50  
  186  21:05  Zergling x18  
  186  21:06  Zergling x6  
  195  21:11  Zergling x10  
  188  21:30  Lurker x4  
  188  21:31  Lurker x4  
  188  21:32  Zergling x12  
  199  21:50  Overseer, Baneling x2  
  199  21:51  Baneling  
  199  21:52  Baneling x5  
  174  22:06  Hydralisk x11  
  183  22:14  Zergling x28  
  192  22:16  Overseer  
  192  22:25  Hatchery  
  192  22:28  Hydralisk x2  
  193  22:41  Hatchery  
  175  23:00  Hydralisk x11  
  193  23:09  Lurker x4  
  193  23:10  Lurker x4  
  184  23:21  Overseer  
  184  23:24  Zergling x12  
  184  23:25  Zergling x8  
  184  23:26  Overlord  
  194  23:29  Overlord  
  194  23:33  Overlord  
  193  23:39  Zergling x12  
  194  23:42  Zergling x6  
  194  23:48  Baneling x15  
  194  24:01  Zergling x20  
  194  24:02  Baneling x5  
  187  24:18  Hatchery, Viper x3  
  195  24:28  Overseer  
  195  24:29  Overseer  
  176  24:32  Zergling x24  
  177  24:39  Overseer  
  177  24:44  Zergling x18  
  174  24:53  Drone x9  
  174  24:59  Hydralisk x3  
  163  25:17  Hatchery  
  163  25:18  Overseer  
  163  25:20  Overseer  
  163  25:24  Hydralisk x4  
  171  25:34  Overseer  
  171  25:38  Lurker x3  
  168  25:57  Overseer, Lurker  
  168  26:01  Hatchery  
  168  26:02  Lurker x4  
  172  26:07  Hydralisk x2, Overseer  
  176  26:22  Hydralisk  
  176  26:23  Hydralisk x2  
  175  26:41  Zergling x10, Overseer  
  175  26:46  Hatchery  

Tags
 
Add a new tag
Caveats
  • Supply blocks, unpowered buildings, or Contaminate may cause inaccurate times.
  • Supply counts are checked every 10 seconds.